 Dungeon Crawl Stone Soup version 0.25.1-9-gc5326a611f (webtiles) character file.

Game seed: 8349196097121059539

7000 pokeman the Thaumaturge (level 10, -1/56 HPs)
             Began as a Deep Elf Wizard on Dec 26, 2020.
             Was a Believer of Vehumet.
             Slain by a troll (11 damage)
             ... on level 10 of the Dungeon.
             The game lasted 00:26:18 (11611 turns).

pokeman the Thaumaturge (Deep Elf Wizard)          Turns: 11611, Time: 00:26:18

Health: -1/56      AC: 12    Str:  4    XL:     10   Next: 82%
Magic:  19/29      EV: 12    Int: 27    God:    Vehumet [**....]
Gold:   509        SH:  5    Dex: 13    Spells: 19/36 levels left

rFire    + . .     SeeInvis +   M - staff of fire
rCold    + . .     Gourm    .   (no shield)
rNeg     . . .     Faith    .   B - +6 leather armour "Jaxest" {rElec rC+ Slay+2}
rPois    .         Spirit   .   n - +0 helmet
rElec    +         Reflect  +   J - +1 cloak {rCorr}
rCorr    +         Harm     .   (no gloves)
MR       +....                  (no boots)
Stlth    ++........             b - amulet of reflection
HPRegen  0.18/turn              Q - ring of see invisible
MPRegen  0.21/turn              v - ring of wizardry

@: no status effects
A: no striking features
a: Renounce Religion


You were on level 10 of the Dungeon.
You worshipped Vehumet.
Vehumet was pleased with you.
You were hungry.

You visited 2 branches of the dungeon, and saw 11 of its levels.

You collected 567 gold pieces.
You spent 58 gold pieces at shops.

Inventory:

Hand Weapons
 y - a +1 vorpal mace
 I - a +0 shortbow
 L - a +2 dagger of electrocution
Missiles
 i - 134 arrows
 l - 91 bolts
Armour
 n - a +0 helmet (worn)
 q - a +0 cloak
 B - the +6 leather armour "Jaxest" (worn) {rElec rC+ Slay+2}
   (You found it on level 4 of the Dungeon)

   It affects your accuracy and damage with ranged weapons and melee attacks
   (+2).
   It protects you from cold.
   It insulates you from electricity.
 C - a +2 leather armour of fire resistance
 J - a +1 cloak of preservation (worn)
Magical Staves
 j - an uncursed staff of wizardry
 K - an uncursed staff of poison {unknown}
 M - an uncursed staff of fire (weapon)
Jewellery
 b - an amulet of reflection (around neck)
 m - a +4 ring of protection
 v - a ring of wizardry (right hand)
 Q - a ring of see invisible (left hand)
 R - a +6 ring of strength
Wands
 G - a wand of random effects (19)
 N - a wand of paralysis (10)
Scrolls
 a - 2 scrolls of amnesia {unknown}
 c - 4 scrolls of remove curse {unknown}
 f - 2 scrolls of enchant weapon {unknown}
 g - 8 scrolls of teleportation {unknown}
 h - 7 scrolls of identify {unknown}
 o - 2 scrolls of enchant armour {unknown}
 u - 2 scrolls of fog {unknown}
 w - 4 scrolls of fear {unknown}
 z - 2 scrolls of noise {unknown}
 A - a scroll of magic mapping {unknown}
 E - 2 scrolls of immolation {unknown}
 O - a scroll of random uselessness {unknown}
Potions
 e - 2 potions of degeneration {unknown}
 k - 4 potions of berserk rage {unknown}
 p - a potion of might {unknown}
 r - 3 potions of flight {unknown}
 s - a potion of stabbing {unknown}
 t - 2 potions of curing {unknown}
 x - a potion of magic {unknown}
 D - 2 potions of brilliance {unknown}
 F - 2 potions of ambrosia {unknown}
 H - a potion of lignification {unknown}
 P - a potion of heal wounds {unknown}
Comestibles
 d - 19 rations


   Skills:
 - Level 4.0 Fighting
 + Level 3.9 Armour
 - Level 3.0 Dodging
 - Level 3.0 Stealth
 * Level 13.5 Spellcasting
 + Level 7.9 Conjurations
 - Level 1.1 Summonings
 - Level 1.1 Translocations
 + Level 8.5 Fire Magic
 - Level 1.0 Air Magic
 - Level 1.1 Poison Magic
 - Level 1.0 Evocations


You had 19 spell levels left.
You knew the following spells:

 Your Spells              Type           Power        Failure   Level  Hunger
a - Magic Dart            Conj           ####         1%          1    None
b - Mephitic Cloud        Conj/Pois/Air  #####...     1%          3    None
c - Call Imp              Summ           ###.....     1%          2    None
d - Blink                 Tloc           N/A          1%          2    None
e - Conjure Flame         Conj/Fire      #######.     1%          3    None
f - Foxfire               Conj/Fire      ####         1%          1    None
g - Fireball              Conj/Fire      #######...   1%          5    ##.....

Your spell library contained the following spells:

 Spells                   Type           Power        Failure   Level  Hunger
 Static Discharge         Conj/Air       #####...     1%          3    None
 Animate Skeleton         Necr           N/A          1%          1    None
 Pain                     Necr           ###.         1%          1    None
 Inner Flame              Hex/Fire       ######..     1%          3    None
 Sticky Flame             Conj/Fire      #######.     1%          4    None
 Slow                     Hex            ###.....     3%          2    None
 Vampiric Draining        Necr           ###.......   6%          3    None
 Animate Dead             Necr           N/A          21%         4    None
 Agony                    Necr           ###.....     45%         5    ##.....


Dungeon Overview and Level Annotations

Branches:
Dungeon (10/15)            Temple (1/1) D:6             Orc (0/2) D:10
   Lair: D:8-11

Altars:
Ashenzari
Cheibriados
Dithmenos
Elyvilon
Fedhas
Gozag
Hepliaklqana
Kikubaaqudgha
Makhleb
Nemelex Xobeh
Okawaru
Qazlal
Ru
Sif Muna
Trog
Uskayaw
Vehumet
Wu Jian
Xom
Yredelemnul
Zin
The Shining One

Shops:
D:4 *   D:7 }


Message History

The ogre hits something with a +0 giant club.
The ogre hits itself with a +0 giant club!
The ogre is killed!
Vehumet accepts your kill.
You feel your power returning.
Unknown command.
Items here: )) [ †† a +3 dagger of venom; a +0 dagger; a +0 robe; an orc corpse x2
You bump into the rock wall.
The gnoll shouts!
The troll barely misses you. x2; The troll claws you!
* * * LOW HITPOINT WARNING * * *
Unknown command.
You're too confused to move!
You feel less confused. The troll bites you but does no damage.
You block the troll's attack. The troll misses you.
The orc warrior closely misses you.
Unknown command.
The troll bites you!
You die...

#..#
#######.#
#8.%.8#.#
#....)#.#
#..>o)Og# ##
#o# ###...
#.##....
#######T#..#
#.....).@#
#...)...(#
###.###### #


You could see a troll, an orc warrior, an ogre and a gnoll.

Vanquished Creatures
  2 two-headed ogres (D:8)
  Pikel (D:8)
  Maurice (D:8)
  A troll (D:9)
  2 hippogriffs
  A spriggan (D:7)
  Sigmund (D:2)
  A water moccasin (D:9)
  2 orc warriors
  Duvessa (D:6)
  An eye of draining (D:8)
  2 ice beasts
  2 phantoms (D:9)
  A slave (D:8)
  2 black bears (D:6)
  7 ogres
  A centaur (D:8)
  A big kobold (D:10)
  A bullfrog (D:7)
  3 gnoll sergeants (D:10)
  A water moccasin zombie (D:8)
  Dowan (D:6)
  4 scorpions
  2 killer bees (D:7)
  7 howler monkeys
  3 crimson imps (D:6)
  2 bullfrog zombies
  6 hounds
  5 jellies
  A quasit (D:7)
  A centaur skeleton (D:4)
  A gnoll shaman (D:8)
  8 orc priests
  7 orc wizards
  3 iguanas
  5 worker ants
  A hound zombie (D:8)
  2 worker ant zombies
  A howler monkey zombie (D:9)
  Robin (D:3)
  9 gnolls
  8 adders
  3 shadow imps
  10 oozes
  An adder skeleton (D:4)
  4 worms
  2 dart slugs
  2 leopard geckos
  30 orcs
  8 giant cockroaches
  18 goblins
  9 hobgoblins
  8 jackals
  2 quokkas
  3 ball pythons
  9 bats
  A frilled lizard (D:1)
  8 kobolds
  A quokka zombie (D:5)
  7 rats
239 creatures vanquished.

Vanquished Creatures (collateral kills)
  A water moccasin (D:7)
  A killer bee (D:7)
  An ooze (D:3)
  An orc (D:4)
4 creatures vanquished.

Vanquished Creatures (others)
  An adder (D:8)
  396 foxfires
  A fungus (D:3)
  9 toadstools (D:3)
407 creatures vanquished.

Grand Total: 650 creatures vanquished

Notes
Turn   | Place    | Note
-------+----------+-------------------------------------------
     0 | D:1      | pokeman the Deep Elf Wizard began the quest for the Orb.
     0 | D:1      | Reached XP level 1. HP: 10/10 MP: 7/7
   346 | D:1      | Reached XP level 2. HP: 3/15 MP: 0/9
   977 | D:1      | Reached skill level 5 in Spellcasting
  1149 | D:1      | Reached XP level 3. HP: 20/20 MP: 6/11
  1154 | D:1      | Learned a level 3 spell: Mephitic Cloud
  1157 | D:1      | Learned a level 2 spell: Call Imp
  1160 | D:1      | Learned a level 2 spell: Blink
  1164 | D:1      | Learned a level 3 spell: Conjure Flame
  1751 | D:2      | Reached skill level 1 in Armour
  1899 | D:2      | Reached skill level 1 in Fighting
  2280 | D:2      | Reached XP level 4. HP: 25/25 MP: 10/13
  2341 | D:2      | Noticed Sigmund
  2363 | D:2      | Killed Sigmund
  2363 | D:2      | Reached XP level 5. HP: 29/29 MP: 2/14
  2565 | D:2      | Found an opulent altar of Gozag.
  2565 | D:2      | Found a sparkling altar of Nemelex Xobeh.
  2565 | D:2      | Found a glowing golden altar of the Shining One.
  3088 | D:3      | Noticed Robin
  3185 | D:3      | Killed Robin
  3384 | D:3      | Reached XP level 6. HP: 34/34 MP: 14/16
  3755 | D:3      | Reached skill level 6 in Spellcasting
  3846 | D:3      | Reached skill level 1 in Air Magic
  4144 | D:4      | Found Gomees's General Store.
  4211 | D:4      | Bought a cursed ring of teleportation for 58 gold pieces
  4260 | D:4      | Reached skill level 1 in Poison Magic
  4394 | D:4      | Reached XP level 7. HP: 34/38 MP: 1/19
  4532 | D:4      | Reached skill level 7 in Spellcasting
  5107 | D:4      | Got an ancient leather armour
  5118 | D:4      | Identified the +6 leather armour "Jaxest" {rElec rC+
                  | Slay+2} (You found it on level 4 of the Dungeon)
  5196 | D:4      | You fall into a shaft and drop 1 floor!
  5196 | D:5      | Entered Level 5 of the Dungeon
  6200 | D:6      | Reached skill level 8 in Spellcasting
  6342 | D:6      | Reached skill level 5 in Fire Magic
  6419 | D:6      | Found a white marble altar of Elyvilon.
  6436 | D:6      | Reached XP level 8. HP: 44/44 MP: 12/22
  6772 | D:6      | Noticed Duvessa
  6772 | D:6      | Noticed Dowan
  6814 | D:6      | Killed Dowan
  6814 | D:6      | Reached skill level 9 in Spellcasting
  6838 | D:6      | Killed Duvessa
  6865 | D:6      | Learned a level 1 spell: Foxfire
  6871 | D:6      | Learned a level 5 spell: Fireball
  7011 | D:6      | Found a staircase to the Ecumenical Temple.
  7017 | Temple   | Entered the Ecumenical Temple
  7296 | Temple   | Became a worshipper of Vehumet
  7827 | D:6      | Reached skill level 5 in Conjurations
  8132 | D:7      | Reached skill level 10 in Spellcasting
  8244 | D:7      | Reached XP level 9. HP: 48/48 MP: 11/25
  9116 | D:7      | Found Uclam's Gadget Shoppe.
  9229 | D:7      | Reached * piety under Vehumet
  9229 | D:7      | Offered knowledge of Freeze by Vehumet.
  9295 | D:8      | Noticed a two-headed ogre
  9340 | D:8      | Reached skill level 11 in Spellcasting
  9478 | D:8      | Found a burning altar of Makhleb.
  9516 | D:8      | Found a shimmering blue altar of Sif Muna.
  9516 | D:8      | Found a white marble altar of Elyvilon.
  9605 | D:8      | Noticed Maurice
  9615 | D:8      | Noticed a two-headed ogre
  9763 | D:8      | Killed a two-headed ogre
  9805 | D:8      | Killed Maurice
  9805 | D:8      | Reached skill level 12 in Spellcasting
  9805 | D:8      | Reached XP level 10. HP: 49/56 MP: 6/28
 10073 | D:8      | Offered knowledge of Sandblast by Vehumet.
 10120 | D:8      | Killed a two-headed ogre
 10260 | D:8      | Reached ** piety under Vehumet
 10309 | D:8      | Noticed Pikel
 10316 | D:8      | Killed Pikel
 10566 | D:8      | Found an iron altar of Okawaru.
 10569 | D:8      | Found a shimmering altar of Xom.
 11086 | D:9      | Reached skill level 1 in Evocations
 11088 | D:9      | Reached skill level 13 in Spellcasting
 11285 | D:9      | Found an ornate altar of the Wu Jian Council.
 11537 | D:10     | Entered Level 10 of the Dungeon
 11589 | D:10     | Offered knowledge of Static Discharge by Vehumet.
 11597 | D:10     | Found a staircase to the Orcish Mines.
 11611 | D:10     | Slain by a troll

Illustrated notes

Levels and vault maps discovered:
D:1:      lightli_arrival_isolated_outpost, layout_basic
D:2:      layout_basic, minitemple, first_ration, st_stairs_13, uniq_sigmund
D:3:      cheibrodos_fertilizer, layout_basic, grunt_ministairs_2, uniq_robin
D:4:      layout_basic, serial_shops, nicolae_shop_crystal
D:5:      layout_cave_pools
D:6:      layout_gridville, minmay_temple_entry_hall, elyvilon_altar_4,
          uniq_duvessa
D:7:      layout_loops_ring, serial_shops, shop, the_bakery
D:8:      layout_loops_cross, old_standard_altar,
          gammafunk_temple_overflow_pools,
          chequers_temple_overflow_statue_of_worship, uniq_pikel, uniq_maurice
D:9:      layout_cross, lemuel_doored_altar, serial_rivers,
          chequers_serial_rivers_room_a, chequers_serial_rivers_small_b,
          chequers_serial_rivers_small_a, chequers_serial_rivers_small_3
D:10:     layout_roguey, kennysheep_orc_monster_closet_entryway, serial_shops,
          shop, lemuel_another_geyser
Temple:   oiseaux_autumnal_temple

Skill      XL: |  1  2  3  4  5  6  7  8  9 10 |
---------------+-------------------------------+-----
Spellcasting   | 5 6 8 10 12 13 | 13.5
Armour         | 1 2 3 |  3.9
Fighting       | 1 2 3 4 |  4.0
Conjurations   | 2 3 4 5 6 7 |  7.9
Fire Magic     | 4 5 6 7 8 |  8.5
Dodging        | 3 |  3.0
Air Magic      | 1 |  1.0
Poison Magic   | 1 |  1.1
Stealth        | 3 |  3.0
Evocations     | 1 |  1.0
Summonings     | |  1.1
Translocations | |  1.1

Action                   |  1- 3 |  4- 6 |  7- 9 | 10-12 || total
-------------------------+-------+-------+-------+-------++-------
Melee: Unarmed           |    19 |    44 |       |       ||    63
       Staff             |       |       |    39 |    18 ||    57
 Cast: Magic Dart        |   117 |   120 |   176 |       ||   413
       Conjure Flame     |       |     8 |    13 |     2 ||    23
       Mephitic Cloud    |       |     2 |    24 |     2 ||    28
       Call Imp          |       |     5 |     4 |       ||     9
       Foxfire           |       |       |   148 |    77 ||   225
       Fireball          |       |       |       |    15 ||    15
 Stab: Confused          |       |     6 |     2 |       ||     8
  Eat: Chunk             |     4 |     3 |    16 |     6 ||    29
       Ration            |       |     1 |       |       ||     1
Armor: Robe              |     4 |       |       |       ||     4
       Leather armour    |     4 |    26 |    48 |    17 ||    95
Dodge: Dodged            |    31 |    51 |    69 |    19 ||   170
Block: Other             |       |    10 |    23 |     4 ||    37
       Reflection        |       |     1 |     2 |       ||     3
